 Dungeon Crawl Stone Soup version 0.14-a0-484-gae2d0ec (webtiles) character file.

372 Deemzul the Skirmisher (level 5, 0/47 HPs)
             Began as a Ghoul Fighter on Oct 31, 2013.
             Was a Follower of Ashenzari.
             Slain by a gnoll sergeant
             ... wielding a +0,+0 spear
              (2 damage)
             ... on Level 4 of the Dungeon.
             The game lasted 00:05:34 (2064 turns).

Deemzul the Skirmisher (Ghoul Fighter)              Turns: 2064, Time: 00:05:34

HP   0/47        AC  8     Str 21      XL: 5   Next: 73%
MP   3/3         EV  6     Int  3      God: Ashenzari [*.....]
Gold 178         SH 18     Dex  8      Spells:  0 memorised,  4 levels left

Res.Fire  : . . .   See Invis. : .     - Unarmed
Res.Cold  : + . .   Warding    : .   b - +0 scale mail
Life Prot.: + + +   Conserve   : .   c - +0 shield
Res.Poison: +       Res.Corr.  : .   (no helmet)
Res.Elec. : .       Clarity    : .   v - +0 cloak
Sust.Abil.: . .     Spirit.Shd : .   (no gloves)
Res.Mut.  : .       Rnd.Telep. : +   (no boots)
Res.Rott. : +       Flight     : .   (no amulet)
Saprovore : + + +                    i - cursed ring of hunger
                                     p - cursed ring of teleportation

@: rotting, slightly resistant to hostile enchantments, extremely unstealthy
A: rotting body, claws 1, carnivore 3, cold resistance 1, life protection 3,
poison resistance, saprovore 3, slow healing 1, torment resistance, unbreathing
a: Renounce Religion, Evoke Teleportation


You were on level 4 of the Dungeon.
You worshipped Ashenzari.
Ashenzari was aware of your devotion.
You were not hungry.

You visited 1 branch of the dungeon, and saw 4 of its levels.

You collected 178 gold pieces.

Inventory:

Armour
 b - a +0 scale mail (worn)
 c - a +0 shield (worn)
 v - a +0 cloak (worn)
Comestibles
 x - 3 chunks of worker ant flesh
 C - a chunk of goblin flesh
Scrolls
 e - 4 scrolls of identify {unknown}
 f - a scroll of teleportation {unknown}
 g - a scroll of random uselessness {unknown}
 k - 2 scrolls of remove curse
 l - 2 scrolls of fog {unknown}
 m - 3 scrolls of amnesia {unknown}
 q - 2 scrolls of blinking {unknown}
 t - a scroll of enchant armour {unknown}
 w - a scroll of curse armour
 y - a scroll of noise {unknown}
Jewellery
 i - a cursed ring of hunger (right claw)
 p - a cursed ring of teleportation (left claw)
 r - an uncursed amulet of clarity {unknown}
 s - a cursed ring of hunger
Potions
 a - a potion of beneficial mutation {unknown}
 d - 2 potions of mutation {unknown}
 h - a potion of slowing {unknown}
 j - a potion of speed {unknown}
 n - a potion of poison
 o - a potion of degeneration {unknown}
 u - 2 potions of restore abilities {unknown}
 z - a potion of brilliance {unknown}
 B - 5 potions of curing {unknown}


   Skills:
 * Level 5.0 Fighting
 + Level 3.3 Armour
 + Level 3.1 Shields
 * Level 4.0 Unarmed Combat


You had 4 spell levels left.
You didn't know any spells.

Dungeon Overview and Level Annotations

Branches:
Dungeon (4/27)
 Temple: D:4-7

Altars:
Ashenzari
Makhleb

Annotations:
D:2 Grinder


Innate Abilities, Weirdness & Mutations

Your body is rotting away.
You have sharp fingernails.
You are carnivorous and can eat meat at any time.
Your flesh is cold resistant.
You are immune to negative energy.
Your system is resistant to poisons.
You thrive on rotten meat.
You heal slowly when monsters are visible.
You are immune to unholy pain and torment.
You can survive without breathing.


Message History

The gnoll sergeant is severely wounded.
The gnoll sergeant hits you with a spear!
* * * LOW HITPOINT WARNING * * *
The gnoll hits you from afar with a halberd!
* * * LOW HITPOINT WARNING * * *
Unknown command.
Read which item? (? for menu, Esc to quit)
Okay, then.
Unknown command.
Drink which item? (? for menu, Esc to quit)
Okay, then.
Unknown command.
You block the gnoll sergeant's attack.
There is an open door here.
Drink which item? (? for menu, Esc to quit)
You feel slightly nauseous.
It was a potion of poison.
You hit the gnoll sergeant but do no damage.
The gnoll sergeant is almost dead.
The gnoll sergeant hits you with a spear.
You die...

.⌠. #....$.. ⌠...<...
.$....... ... ###.⌠...⌠.#
..... ..........# >....
..........#########.....
...............g........#
#(..#######'#@.......#
#...#.....g.#........#
#.(.#.......#..........
#.%g#..[g...#..........
#...#.......#.#########
#.gK#.......#<#
####..g#'#######.#
......gK##.# ..#
...........# ...#


You could see a gnoll sergeant (bleeding).

Vanquished Creatures
  A giant frog (D:3)
  A worker ant (D:4)
  Ijyb (D:3)
  3 adders
  A worm (D:3)
  A giant eyeball (D:4)
  2 oozes (D:2)
  3 orcs (D:3)
  8 hobgoblins
  2 jackals (D:2)
  5 kobolds
  A ball python (D:4)
  4 bats
  2 giant geckos
  2 giant newts
  5 goblins
  13 rats
55 creatures vanquished.

Notes
Turn   | Place    | Note
--------------------------------------------------------------
     0 | D:1      | Deemzul, the Ghoul Fighter, began the quest for the Orb.
     0 | D:1      | Reached XP level 1. HP: 19/19 MP: 0/0
   117 | D:1      | Reached XP level 2. HP: 26/26 MP: 1/1
   155 | D:1      | Found a shattered altar of Ashenzari.
   522 | D:1      | Became a worshipper of Ashenzari the Shackled
   667 | D:2      | Reached XP level 3. HP: 9/31 MP: 2/2
  1076 | D:2      | Reached skill level 4 in Fighting
  1184 | D:3      | Noticed Grinder
  1192 | D:3      | Paralysed by Grinder for 4 turns
  1197 | D:3      | Paralysed by Grinder for 7 turns
  1210 | D:2      | Paralysed by Grinder for 3 turns
  1219 | D:2      | Paralysed by Grinder for 7 turns
  1409 | D:3      | Reached XP level 4. HP: 31/40 MP: 2/2
  1483 | D:3      | Noticed Ijyb
  1508 | D:3      | Killed Ijyb
  1825 | D:3      | Noticed a giant frog
  1837 | D:3      | Killed a giant frog
  1837 | D:3      | Reached XP level 5. HP: 25/45 MP: 3/3
  1971 | D:4      | Paralysed by a giant eyeball for 3 turns
  2002 | D:4      | Found a burning altar of Makhleb.
  2017 | D:4      | Reached skill level 5 in Fighting
  2054 | D:4      | HP: 1/47 [gnoll/halberd (10)]
  2064 | D:4      | Slain by a gnoll sergeant

Action                   |  1- 3 |  4- 6 || total
-------------------------+-------+-------++-------
Melee: Unarmed           |   144 |   100 ||   244
  Use: Potion            |       |     1 ||     1
